 Dungeon Crawl Stone Soup version 0.27-a0-684-g359e429f13 (webtiles) character file.

Game seed: 2741622298812931585

51 Allula97 the Skirmisher (level 3, 0/29 HPs)
             Began as a Demonspawn Berserker on Mar 20, 2021.
             Was a Follower of Trog.
             Slain by a worm (10 damage)
             ... on level 2 of the Dungeon.
             The game lasted 00:02:32 (1917 turns).

Allula97 the Skirmisher (Demonspawn Berserker)      Turns: 1917, Time: 00:02:32

Health: 0/29       AC:  3    Str: 18    XL:     3   Next: 58%
Magic:  3/3        EV: 12    Int:  8    God:    Trog [*.....]
Gold:   40         SH:  0    Dex: 12    Spells: 2/2 levels left

rFire    . . .     SeeInvis .   a - +0 hand axe
rCold    . . .     Faith    .   (no shield)
rNeg     . . .     Spirit   .   i - +0 leather armour
rPois    .         Reflect  .   (no helmet)
rElec    .         Harm     .   (no cloak)
rCorr    .         Rampage  .   (no gloves)
Will     .....                  (no boots)
Stlth    +.........             (no amulet)
HPRegen  0.09/turn              (no ring)
MPRegen  0.16/turn              (no ring)

@: no status effects
A: hooves 1, magic regeneration
a: Renounce Religion, Berserk


You were on level 2 of the Dungeon.
You worshipped Trog.
Trog was aware of your devotion.
You visited 1 branch of the dungeon, and saw 2 of its levels.

You collected 40 gold pieces.

Inventory:

Hand Weapons
 a - a +0 hand axe (weapon)
Armour
 b - a +0 animal skin
 i - a +0 leather armour (worn)
Jewellery
 f - a +6 ring of intelligence
Scrolls
 d - a scroll of random uselessness {unknown}
 e - a scroll of amnesia {unknown}
 h - a scroll of magic mapping {unknown}
 j - a scroll of identify {unknown}
 k - a scroll of teleportation {unknown}
Potions
 c - a potion of brilliance {unknown}
 g - a potion of attraction {unknown}


   Skills:
 * Level 3.4 Fighting
 * Level 3.3 Axes
 * Level 2.0 Armour
 * Level 2.2 Dodging
 * Level 1.1 Stealth


You had 2 spell levels left.
You didn't know any spells.
Your spell library was empty.

Dungeon Overview and Level Annotations

Branches:
Dungeon (2/15)

Altars:


Innate Abilities, Weirdness & Mutations

You have large cloven feet.
You regenerate magic rapidly.


Message History

The goblin shouts!
You see here 6 gold pieces.
You now have 40 gold pieces (gained 6).
The goblin hits you with a +0 dagger.
You hit the goblin.
The goblin is heavily wounded.
The goblin hits you but does no damage.
You hit the goblin.
You kill the goblin!
Trog accepts your kill.
Things that are here:
a +0 dagger; a goblin corpse
Things that are here:
a +0 dagger; a goblin corpse You open the door.
A hobgoblin comes into view. It is wielding a +0 club.
The hobgoblin shouts!
A worm comes into view.
There is an open door here.
You hit the hobgoblin.
The hobgoblin is severely wounded.
The hobgoblin hits you but does no damage.
You closely miss the hobgoblin.
The hobgoblin is severely wounded.
The hobgoblin barely misses you.
You hit the hobgoblin.
You kill the hobgoblin!
Trog accepts your kill.
Your Armour skill increases to level 2!
You hit the worm.
The worm is moderately wounded.
The worm bites you!
You barely miss the worm. You kick the worm.
The worm is moderately wounded.
You completely miss the worm. You kick the worm, but do no damage.
The worm is moderately wounded.
The worm bites you!
You slash the worm!
The worm is severely wounded.
The worm bites you!
You die...

.....#...##
##.##
#..##..#.####..#
... ...........#
###+#####..#
#.....###..#
#.....##..#
#.....#..#
#..).#..#
#w@.'..#
##..#).# ##.#..#
###..# #..# #..#
#..# #..# +..#


You could see a worm.

Vanquished Creatures
  2 adders (D:2)
  A worm (D:2)
  6 bats
  A giant cockroach (D:1)
  6 hobgoblins
  A kobold (D:1)
  A quokka (D:1)
  7 goblins
  5 rats
30 creatures vanquished.

Notes
Turn   | Place    | Note
-------+----------+-------------------------------------------
     0 | D:1      | Allula97 the Demonspawn Berserker began the quest for the
                  | Orb.
     0 | D:1      | Reached XP level 1. HP: 18/18 MP: 1/1
   342 | D:1      | Gained mutation: You have large cloven feet. [demonic
                  | ancestry]
   342 | D:1      | Reached XP level 2. HP: 18/24 MP: 2/2
  1591 | D:2      | Gained mutation: You regenerate magic rapidly. [demonic
                  | ancestry]
  1591 | D:2      | Reached XP level 3. HP: 29/29 MP: 3/3
  1754 | D:2      | Reached skill level 1 in Stealth
  1917 | D:2      | Slain by a worm

Illustrated notes

Levels and vault maps discovered:
D:1:      psy_arrival_conway, layout_loops_cross, chequers_garden
D:2:      layout_loops_ring, serial_glass, glass_columns_b, glass_columns_a,
          minmay_strange_pillars, minmay_strange_pillars,
          minmay_strange_pillars, minmay_misc_feat_encased, grunt_ministairs_2,
          minmay_quadrilaterals, uniq_natasha

Skill      XL: |  1  2  3 |
---------------+----------+-----
Dodging        | 2 |  2.2
Axes           | 3 |  3.3
Stealth        | 1 |  1.1
Armour         | 2 |  2.0
Fighting       | |  3.4

Action                   || total
-------------------------++-------
Melee: Hand axe          ||    89
       Kick              ||    12
Invok: Berserk           ||     5
Armor: Animal skin       ||    18
       Leather armour    ||     7
Dodge: Dodged            ||    78

Table legend: (Time is in decaauts)
 A = Elapsed time spent in this place.
 B = Non-inter-level travel time spent in this place.
 C = Inter-level travel time spent in this place.
 D = Time resting spent in this place.
 E = Time spent auto-exploring this place.
 F = Levels seen in this place.
 G = Mean time per level.
                   A        B        C        D        E       F      G
               +--------+--------+--------+--------+--------+-----+--------+
         Total |   1982 |   1915 |     67 |     92 |   1507 |   2 |  991.0 |
       Dungeon |   1982 |   1915 |     67 |     92 |   1507 |   2 |  991.0 |
               +--------+--------+--------+--------+--------+-----+--------+

Top non-repeatable levels by time:
     D:1: 1488 daAuts
     D:2: 494 daAuts
